SAAA
PAWNEE PARKSNREC @ NAPERVILLE BATTLEKINGS
09/01/2028
 
TOP OF THE 1ST
Pawnee ParksNRec batting - Pitching for Naperville Battlekings : RHP Ernest Hawks
Pitching: RHP Ernest Hawks
Batting: RHB Dale Blair 0-0: Called Strike
0-1: Swinging Strike
0-2: Foul Ball, location: 2F
0-2: Ball
1-2: Strikes out swinging
Batting: RHB Britt Lynch 0-0: Called Strike
0-1: Called Strike
0-2: Ball
1-2: Ground out 5-3 (Groundball, 5L)
Batting: RHB Brant Thigpen 0-0: Swinging Strike
0-1: Ball
1-1: SINGLE (Line Drive, 6M)
Batting: SHB Dennis Barraclough 0-0: Called Strike
0-1: Swinging Strike
0-2: Ball
1-2: Foul Ball, location: 2F
1-2: Strikes out swinging
Top of the 1st over - 0 run(s), 1 hit(s), 0 error(s), 1 left on base; Pawnee 0 - Naperville 0
BOTTOM OF THE 1ST
Naperville Battlekings batting - Pitching for Pawnee ParksNRec : RHP Brewster Warble
Pitching: RHP Brewster Warble
Batting: RHB Zeus Preckwinkle 0-0: Called Strike
0-1: Ball
1-1: Foul Ball, location: 2F
1-2: Ball
2-2: Foul Ball, location: 2F
2-2: Ball
3-2: Base on Balls
Batting: LHB Curtis Peters 0-0: Ball
Zeus Preckwinkle is caught stealing 2nd base
1-0: SINGLE (Flyball, 7S)
Batting: LHB Arthur Ryan 0-0: Ball
1-0: Ball
2-0: Foul Ball, location: 2F
2-1: Ball
3-1: SINGLE (Groundball, 34D)
Curtis Peters to second
Runner from 2nd tries for 3rd, SAFE, throw made to third
Batting: RHB Ben Kennerly 0-0: Ball
Arthur Ryan is caught stealing 2nd base
1-0: Foul Ball, location: 2F
1-1: Swinging Strike
1-2: Ball
2-2: Ball
3-2: DOUBLE (Line Drive, 7D)
Curtis Peters scores
Batting: LHB Naohiro Sakai 0-0: Ball
1-0: Foul Ball, location: 2F
1-1: Foul Ball, location: 2F
1-2: Ball
2-2: Ground out U3 (Groundball, 34)
Bottom of the 1st over - 1 run(s), 3 hit(s), 0 error(s), 1 left on base; Pawnee 0 - Naperville 1
TOP OF THE 2ND
Pawnee ParksNRec batting - Pitching for Naperville Battlekings : RHP Ernest Hawks
Batting: LHB Tom Benjamin 0-0: Called Strike
0-1: Ball
1-1: Fly out, F7 (Flyball, 7LMF)
Batting: SHB Vicente Pueblo 0-0: Ball
1-0: Swinging Strike
1-1: Foul Ball, location: 2F
1-2: Ground out 4-3 (Groundball, 4)
Batting: RHB Rubén Alvarado 0-0: Ground out 5-3 (Groundball, 5)
Top of the 2nd over - 0 run(s), 0 hit(s), 0 error(s), 0 left on base; Pawnee 0 - Naperville 1
BOTTOM OF THE 2ND
Naperville Battlekings batting - Pitching for Pawnee ParksNRec : RHP Brewster Warble
Batting: RHB António Guzmán 0-0: Foul Ball, location: 2F
0-1: Foul Ball, location: 2F
0-2: Strikes out swinging
Batting: LHB Joe Cashmore 0-0: Called Strike
0-1: Ball
1-1: Ball
2-1: Ball
3-1: Base on Balls
Batting: RHB Sergio Pérez 0-0: Foul Ball, location: 2F
0-1: Ball
1-1: Ball
2-1: Ball
3-1: Base on Balls
Joe Cashmore to second
Batting: LHB Alexis Raimbault 0-0: Ball
1-0: Foul Ball, location: 2F
1-1: Foul Ball, location: 2F
1-2: Foul Ball, location: 2F
1-2: SINGLE (Line Drive, 6MD)
Joe Cashmore to third
Sergio Pérez to second
Batting: RHB Zeus Preckwinkle 0-0: Ball
1-0: Ball
2-0: Called Strike
2-1: Called Strike
2-2: TRIPLE (Line Drive, 78XD)
Joe Cashmore scores
Sergio Pérez scores
Alexis Raimbault scores
Batting: LHB Curtis Peters 0-0: Ball
1-0: Foul Ball, location: 2F
1-1: Ball
2-1: Ground out 4-3 (Groundball, 4)
Zeus Preckwinkle scores
Batting: LHB Arthur Ryan 0-0: Fly out, F6 (Line Drive, 6)
Bottom of the 2nd over - 4 run(s), 2 hit(s), 0 error(s), 0 left on base; Pawnee 0 - Naperville 5
TOP OF THE 3RD
Pawnee ParksNRec batting - Pitching for Naperville Battlekings : RHP Ernest Hawks
Batting: SHB Enrique Costello 0-0: Ball
1-0: Ball
2-0: Foul Ball, location: 2F
2-1: Ball
3-1: Called Strike
3-2: Foul Ball, location: 2F
3-2: Foul Ball, location: 2F
3-2: Base on Balls
Batting: RHB Miguel Silva 0-0: Called Strike
0-1: Ball
1-1: Fly out, F8 (Flyball, 8RS)
Batting: RHB Dale Blair 0-0: Foul Ball, location: 2F
0-1: Called Strike
0-2: Strikes out swinging
Batting: RHB Britt Lynch 0-0: Called Strike
0-1: Called Strike
0-2: Fly out, F8 (Flyball, 8LM)
Top of the 3rd over - 0 run(s), 0 hit(s), 0 error(s), 1 left on base; Pawnee 0 - Naperville 5
BOTTOM OF THE 3RD
Naperville Battlekings batting - Pitching for Pawnee ParksNRec : RHP Brewster Warble
Batting: RHB Ben Kennerly 0-0: Ball
1-0: Foul Ball, location: 2F
1-1: Called Strike
1-2: Ball
2-2: Strikes out looking
Batting: LHB Naohiro Sakai 0-0: Called Strike
0-1: Ball
1-1: Foul Ball, location: 2F
1-2: Ball
2-2: Ball
3-2: Fly out, F3 (Line Drive, 34)
Batting: RHB António Guzmán 0-0: Fly out, F9 (Line Drive, 9LM)
Bottom of the 3rd over - 0 run(s), 0 hit(s), 0 error(s), 0 left on base; Pawnee 0 - Naperville 5
TOP OF THE 4TH
Pawnee ParksNRec batting - Pitching for Naperville Battlekings : RHP Ernest Hawks
Batting: RHB Brant Thigpen 0-0: Ball
1-0: DOUBLE (Line Drive, 89M)
Batting: SHB Dennis Barraclough 0-0: Fly out, F8 (Flyball, 8RD)
Runner from 2nd tags up, SAFE at 3rd, no throw
Batting: LHB Tom Benjamin 0-0: Called Strike
0-1: Foul Ball, location: 2F
0-2: Foul Ball, location: 2F
0-2: Foul Ball, location: 2F
0-2: Ball
1-2: Fly out, F7 (Flyball, 7LS)
Batting: SHB Vicente Pueblo 0-0: Called Strike
0-1: Ball
1-1: Swinging Strike
1-2: 2-RUN HOME RUN (Flyball, 89XD), Distance : 390 ft
Batting: RHB Rubén Alvarado 0-0: Foul Ball, location: 2F
0-1: Ball
1-1: Ball
2-1: SINGLE (Popup, 6MD)
Batting: SHB Enrique Costello 0-0: Ball
1-0: Fly out, F9 (Line Drive, 89S)
Top of the 4th over - 2 run(s), 3 hit(s), 0 error(s), 1 left on base; Pawnee 2 - Naperville 5
BOTTOM OF THE 4TH
Naperville Battlekings batting - Pitching for Pawnee ParksNRec : RHP Brewster Warble
Batting: LHB Joe Cashmore 0-0: Ball
1-0: Fly out, F6 (Flyball, 56D)
Batting: RHB Sergio Pérez 0-0: Called Strike
0-1: Foul Ball, location: 2F
0-2: Strikes out swinging
Batting: LHB Alexis Raimbault 0-0: Called Strike
0-1: Ball
1-1: Called Strike
1-2: Foul Ball, location: 2F
1-2: Ball
2-2: SINGLE (Line Drive, 6MD)
Batting: RHB Zeus Preckwinkle 0-0: Ball
1-0: Called Strike
1-1: Ball
2-1: Ground out 5-3 (Groundball, 56S)
Bottom of the 4th over - 0 run(s), 1 hit(s), 0 error(s), 1 left on base; Pawnee 2 - Naperville 5
TOP OF THE 5TH
Pawnee ParksNRec batting - Pitching for Naperville Battlekings : RHP Ernest Hawks
Batting: RHB Miguel Silva 0-0: Foul Ball, location: 2F
0-1: Ball
1-1: Ball
2-1: Ball
3-1: SOLO HOME RUN (Flyball, 7D), Distance : 380 ft
Batting: RHB Dale Blair 0-0: Ball
1-0: Foul Ball, location: 2F
1-1: SINGLE (Line Drive, 7S)
Batting: RHB Britt Lynch 0-0: Swinging Strike
0-1: Ball
1-1: Ball
2-1: Ball
3-1: Sac Bunt - play at second, runner OUT! 1-6
Batting: RHB Brant Thigpen 0-0: Called Strike
0-1: Ball
1-1: Swinging Strike
1-2: Foul Ball, location: 2F
1-2: Hit by Pitch
Britt Lynch to second
Batting: SHB Dennis Barraclough 0-0: Ball
1-0: Ball
2-0: Called Strike
2-1: Swinging Strike
2-2: Strikes out swinging
Batting: LHB Tom Benjamin 0-0: Ball
1-0: Called Strike
1-1: Ball
2-1: Ball
3-1: Swinging Strike
3-2: Base on Balls
Britt Lynch to third
Brant Thigpen to second
Batting: SHB Vicente Pueblo 0-0: Ball
1-0: Foul Ball, location: 2F
1-1: GRAND SLAM HOME RUN (Flyball, 9D), Distance : 359 ft
Batting: RHB Rubén Alvarado 0-0: Ball
1-0: Foul Ball, location: 2F
1-1: Ball
2-1: Ball
3-1: Foul Ball, location: 2F
3-2: Foul Ball, location: 2F
3-2: Fly out, F6 (Line Drive, 6)
Top of the 5th over - 5 run(s), 3 hit(s), 0 error(s), 0 left on base; Pawnee 7 - Naperville 5
BOTTOM OF THE 5TH
Naperville Battlekings batting - Pitching for Pawnee ParksNRec : RHP Brewster Warble
Batting: LHB Curtis Peters 0-0: Ball
1-0: SINGLE (Flyball, 78S)
Batting: LHB Arthur Ryan 0-0: Ball
1-0: Ball
2-0: Called Strike
2-1: Foul Ball, location: 2F
2-2: Ball
3-2: Base on Balls
Curtis Peters to second
Batting: RHB Ben Kennerly 0-0: Grounds into double play, 5-4-3 (Groundball, 56)
Curtis Peters to third
Batting: LHB Naohiro Sakai 0-0: Ball
1-0: Ball
2-0: SINGLE (Line Drive, 89S)
Curtis Peters scores
Pitching: LHP Luis Cuero
Batting: RHB António Guzmán 0-0: Swinging Strike
0-1: Swinging Strike
0-2: Ball
1-2: Ball
2-2: Ball
3-2: Ground out 6-3 (Groundball, 6)
Bottom of the 5th over - 1 run(s), 2 hit(s), 0 error(s), 1 left on base; Pawnee 7 - Naperville 6
TOP OF THE 6TH
Pawnee ParksNRec batting - Pitching for Naperville Battlekings : RHP Ernest Hawks
Pitching: RHP Eric Newell
Batting: SHB Enrique Costello 0-0: Ball
1-0: Fly out, F9 (Flyball, 9LS)
Batting: RHB Miguel Silva 0-0: Called Strike
0-1: Foul Ball, location: 2F
0-2: Ball
1-2: Ball
2-2: SOLO HOME RUN (Flyball, 78XD), Distance : 412 ft
Batting: RHB Dale Blair 0-0: Foul Ball, location: 2F
0-1: Ground out 4-3 (Groundball, 4D)
Batting: RHB Britt Lynch 0-0: Ball
1-0: Reached on error, E5 (Groundball, 5)
Batting: RHB Brant Thigpen 0-0: Ball
1-0: Swinging Strike
1-1: Swinging Strike
1-2: Hit by Pitch
Pinch Runner at 1st Ronald Hines:
Batting: SHB Dennis Barraclough 0-0: Called Strike
0-1: Ball
1-1: Swinging Strike
1-2: Ground out U3 (Groundball, 34S)
Top of the 6th over - 1 run(s), 1 hit(s), 1 error(s), 2 left on base; Pawnee 8 - Naperville 6
BOTTOM OF THE 6TH
Naperville Battlekings batting - Pitching for Pawnee ParksNRec : LHP Luis Cuero
Now at C: Ronald Hines
Batting: LHB Joe Cashmore 0-0: Swinging Strike
0-1: Fly out, F7 (Line Drive, 7S)
Batting: RHB Sergio Pérez 0-0: SINGLE (Line Drive, 6)
Batting: LHB Alexis Raimbault 0-0: Ball
1-0: Called Strike
1-1: Ball
2-1: Ball
3-1: Base on Balls
Sergio Pérez to second
Batting: RHB Zeus Preckwinkle 0-0: Ball
Sergio Pérez steals 3rd base
Alexis Raimbault to second
1-0: Ball
2-0: Foul Ball, location: 2F
2-1: Foul Ball, location: 2F
2-2: Ball
3-2: Foul Ball, location: 2F
3-2: Foul Ball, location: 2F
3-2: Strikes out swinging
Batting: LHB Curtis Peters 0-0: Ball
1-0: Fly out, F9 (Flyball, 89M)
Bottom of the 6th over - 0 run(s), 1 hit(s), 0 error(s), 2 left on base; Pawnee 8 - Naperville 6
TOP OF THE 7TH
Pawnee ParksNRec batting - Pitching for Naperville Battlekings : RHP Eric Newell
Batting: LHB Tom Benjamin 0-0: Foul Ball, location: 2F
0-1: Called Strike
0-2: Ball
1-2: Foul Ball, location: 2F
1-2: Fly out, F7 (Flyball, 7)
Batting: SHB Vicente Pueblo 0-0: Ball
1-0: Swinging Strike
1-1: Foul Ball, location: 2F
1-2: Ground out 4-3 (Groundball, 34D)
Batting: RHB Rubén Alvarado 0-0: Ball
1-0: Ball
2-0: Ball
3-0: Called Strike
3-1: Swinging Strike
3-2: Base on Balls
Batting: SHB Enrique Costello 0-0: Ball
1-0: Called Strike
1-1: Fielders Choice at 2nd, 4-6 (Groundball, 4)
Top of the 7th over - 0 run(s), 0 hit(s), 0 error(s), 0 left on base; Pawnee 8 - Naperville 6
BOTTOM OF THE 7TH
Naperville Battlekings batting - Pitching for Pawnee ParksNRec : LHP Luis Cuero
Batting: LHB Arthur Ryan 0-0: Swinging Strike
0-1: Foul Ball, location: 2F
0-2: SINGLE (Flyball, 89S)
Batting: RHB Ben Kennerly 0-0: Ball
1-0: SINGLE (Line Drive, 78S)
Arthur Ryan to second
Pinch Hitting: RHB Scott Zijm 0-0: Fly out, F9 (Flyball, 89D)
Runner from 2nd tags up, SAFE at 3rd, no throw
Batting: RHB António Guzmán 0-0: Ball
1-0: Ball
2-0: Called Strike
2-1: Called Strike
2-2: Strikes out looking
Pinch Hitting: RHB Theodore York 0-0: Ball
1-0: Ball
2-0: Fielders Choice at 2nd, 5-4 (Groundball, 56)
Bottom of the 7th over - 0 run(s), 2 hit(s), 0 error(s), 1 left on base; Pawnee 8 - Naperville 6
TOP OF THE 8TH
Pawnee ParksNRec batting - Pitching for Naperville Battlekings : RHP Eric Newell
Now at SS: Theodore York
Now in LF: Scott Zijm
Batting: RHB Miguel Silva 0-0: Fly out, F8 (Flyball, 8LD)
Batting: RHB Dale Blair 0-0: Ball
1-0: Foul Ball, location: 2F
1-1: Ball
2-1: Foul Ball, location: 2F
2-2: Ball
3-2: Foul Ball, location: 2F
3-2: Foul Ball, location: 2F
3-2: Fly out, F9 (Flyball, 89S)
Batting: RHB Britt Lynch 0-0: Ball
1-0: Called Strike
1-1: Ball
2-1: Swinging Strike
2-2: Foul Ball, location: 2F
2-2: Strikes out swinging
Top of the 8th over - 0 run(s), 0 hit(s), 0 error(s), 0 left on base; Pawnee 8 - Naperville 6
BOTTOM OF THE 8TH
Naperville Battlekings batting - Pitching for Pawnee ParksNRec : LHP Luis Cuero
Batting: RHB Sergio Pérez 0-0: Called Strike
0-1: Ball
1-1: Ball
2-1: Ground out 6-3 (Groundball, 56D)
Batting: LHB Alexis Raimbault 0-0: Ball
1-0: Called Strike
1-1: Ball
2-1: SINGLE (Line Drive, 8RS)
Pitching: RHP Ángel Ruíz
Batting: RHB Zeus Preckwinkle 0-0: Ball
1-0: Foul Ball, location: 2F
1-1: Ball
2-1: SINGLE (Flyball, 9LM)
Alexis Raimbault to second
Runner from 2nd tries for 3rd, SAFE, no throw
Pitching: LHP Jesús Salazar
Pinch Hitting: RHB Edward Payne 0-0: Ball
1-0: Foul Ball, location: 2F
1-1: Ball
2-1: Swinging Strike
2-2: Strikes out looking
Batting: LHB Arthur Ryan 0-0: Called Strike
0-1: Called Strike
0-2: Ball
1-2: Ball
2-2: Ball
3-2: Ground out 5-3 (Groundball, 56)
Bottom of the 8th over - 0 run(s), 2 hit(s), 0 error(s), 2 left on base; Pawnee 8 - Naperville 6
TOP OF THE 9TH
Pawnee ParksNRec batting - Pitching for Naperville Battlekings : RHP Eric Newell
Pitching: LHP Chris Rogers
Now at 2B: Miguel Rodríguez
Batting: RHB Ronald Hines 0-0: Ground out 4-3 (Groundball, 4)
Batting: SHB Dennis Barraclough 0-0: Ball
1-0: Ball
2-0: Called Strike
2-1: Ball
3-1: Base on Balls
Batting: LHB Tom Benjamin 0-0: Called Strike
0-1: Ball
Dennis Barraclough steals 2nd base
1-1: Intentional Walk
Pinch Hitting: RHB Iván Rodríguez 0-0: Called Strike
0-1: Swinging Strike
0-2: Ball
1-2: Strikes out swinging
Batting: RHB Rubén Alvarado 0-0: Foul Ball, location: 2F
0-1: Ball
1-1: Foul Ball, location: 2F
1-2: Strikes out swinging
Top of the 9th over - 0 run(s), 0 hit(s), 0 error(s), 2 left on base; Pawnee 8 - Naperville 6
BOTTOM OF THE 9TH
Naperville Battlekings batting - Pitching for Pawnee ParksNRec : LHP Jesús Salazar
Pitching: RHP Roberto Silva
Now at SS: Júlio Camacho
Batting: RHB Ben Kennerly 0-0: Ball
1-0: Foul Ball, location: 2F
1-1: Ball
2-1: Called Strike
2-2: Ball
3-2: Strikes out swinging
Batting: RHB Scott Zijm 0-0: Foul Ball, location: 2F
0-1: Called Strike
0-2: Strikes out swinging
Batting: RHB António Guzmán 0-0: Ball
1-0: Ball
2-0: Ball
3-0: Base on Balls
Batting: RHB Theodore York 0-0: Ball
1-0: Ball
2-0: Ball
3-0: Called Strike
3-1: Called Strike
3-2: Foul Ball, location: 2F
3-2: Foul Ball, location: 2F
3-2: SINGLE (Groundball, 4MD)
António Guzmán to second
António Guzmán to third
Batting: RHB Sergio Pérez 0-0: Ball
1-0: Ball
2-0: Fly out, F9 (Line Drive, 9D)
Bottom of the 9th over - 0 run(s), 1 hit(s), 0 error(s), 2 left on base; Pawnee 8 - Naperville 6
Thursday, August 31st, 2017 - OOTP Baseball 17.12 Build 75